 Dungeon Crawl Stone Soup version 0.30.1-11-g7821555f0a (webtiles) character file.

Game seed: 2621958604358544370

199 NotreDorf the Magician (level 5, -7/35 HPs)
             Began as a Mummy Hedge Wizard on Nov 13, 2023.
             Was an Initiate of Kikubaaqudgha.
             Mangled by a worm (13 damage)
             ... on level 3 of the Dungeon.
             The game lasted 00:11:00 (3729 turns).

NotreDorf the Magician (Mummy Hedge Wizard)         Turns: 3729, Time: 00:11:01

Health: -7/35      AC:  5    Str: 13    XL:     5   Next: 48%
Magic:  9/13       EV: 12    Int: 16    God:    Kikubaaqudgha [......]
Gold:   148        SH:  0    Dex: 17    Spells: 10/16 levels left

rFire   x . .        a - +0 dagger
rCold   + . .        (no shield)
rNeg    + + +        b - +0 robe
rPois   ∞            e - +0 helmet
rElec   .            k - +0 cloak
rCorr   .            (no gloves)
SInv    .            d - +0 pair of boots
Will    .....        (no amulet)
Stlth   ++           i - +6 ring of dexterity
HPRegen 0.25/turn    (no ring)
MPRegen 0.13/turn

%: faith
@: no status effects
A: cold resistance 1, negative energy resistance 3, torment resistance 2, heat
vulnerability 1, in touch with death 1, no potions, faith
a: Renounce Religion


You were on level 3 of the Dungeon.
You worshipped Kikubaaqudgha.
Kikubaaqudgha was noncommittal.
You visited 1 branch of the dungeon, and saw 3 of its levels.

You collected 148 gold pieces.

Inventory:

Hand Weapons
 a - a +0 dagger (weapon)
Armour
 b - a +0 robe (worn)
 c - a +0 hat
 d - a +0 pair of boots (worn)
 e - a +0 helmet (worn)
 k - a +0 cloak (worn)
Magical Staves
 m - a staff of fire
Jewellery
 i - a +6 ring of dexterity (left hand)
 o - a ring of fire
 p - a +6 ring of dexterity
Scrolls
 f - a scroll of fog {unknown}
 g - a scroll of silence {unknown}
 h - 4 scrolls of amnesia {unknown}
 j - a scroll of poison {unknown}
 l - 3 scrolls of identify {unknown}
 n - a scroll of blinking {unknown}


   Skills:
 - Level 1.5 Dodging
 - Level 1.5 Stealth
 + Level 6.1 Spellcasting
 + Level 3.1 Conjurations
 - Level 0.7 Summonings
 - Level 0.7 Translocations


You had 10 spell levels left.
You knew the following spells:

 Your Spells              Type           Power      Damage    Failure   Level
a - Magic Dart            Conj           60%        1d6       3%          1
b - Blink                 Tloc           14%        N/A       16%         2
c - Mephitic Cloud        Conj/Pois/Air  8%         N/A       26%         3

Your spell library contained the following spells:

 Spells                   Type           Power      Damage    Failure   Level
 Momentum Strike          Conj/Tloc      22%        3d8       9%          2
 Slow                     Hex            16%        N/A       14%         1
 Call Imp                 Summ           14%        N/A       16%         2
 Lesser Beckoning         Tloc           14%        N/A       16%         2
 Cigotuvi's Dreadful Rot  Necr/Pois/Air  14%        N/A       21%         2


Dungeon Overview and Level Annotations

Branches:
Dungeon (3/15)

Altars:
Kikubaaqudgha
Trog


Innate Abilities, Weirdness & Mutations

You are immune to poison.
Your flesh is cold resistant. (rC+)
You are immune to negative energy. (rN+++)
You are immune to unholy pain and torment.
You are vulnerable to heat. (rF-)
You are in touch with the powers of death.
You do not drink.
You have a special connection with the divine. (Faith)


Message History

Confirm with . or Enter, or press ? or * to list all spells.
Aiming: Magic Dart (safe; 3% risk of failure)
Press: ? - help, Shift-Dir - straight line, f/p - worm
Aim: a worm (100% to hit)
The magic dart hits the worm.
The worm is lightly wounded.
Casting: Magic Dart (safe; 3% risk of failure)
Confirm with . or Enter, or press ? or * to list all spells.
Aiming: Magic Dart (safe; 3% risk of failure)
Press: ? - help, Shift-Dir - straight line, f/p - worm
Aim: a worm (lightly wounded, 100% to hit)
The magic dart hits the worm.
The worm is moderately wounded.
The moth of wrath goads the worm on!
The worm goes berserk!
The rat bites you but does no damage.
You barely miss the worm.
The worm is lightly wounded.
The worm barely misses you.
You hit the worm but do no damage. The worm misses you.
You hit the worm.
The worm is lightly wounded.
The worm completely misses you.
You barely miss the worm. You punch the worm, but do no damage.
The worm is lightly wounded.
The worm bites you!
You hit the worm.
The worm is lightly wounded.
The worm bites you!
You hit the worm.
The worm is lightly wounded.
The worm bites you!
* * * LOW HITPOINT WARNING * * *
You hit the worm.
The worm is lightly wounded.
The worm closely misses you. The rat misses you.
You hit the worm but do no damage.
The worm is lightly wounded.
The worm bites you!
You die...
Kikubaaqudgha rasps: "You have failed me!
Welcome... oblivion!"

...#####...#............. [.
.......#........#......... .
.......#........##........
..........................
......†...................
...........#.......#######
....[.......... ##....###
..............#####.......#
###............r@#...w....) #####
.###....#.....rw##....#...) #(...
................##...###..) #.>..
.....................#y#._. #....
................##...###... #....
......#........!##....#.... #....
......#..........#.........##....
.................##.......##.....
..................##....###.#...#


You could see a worm (berserk) and 2 rats.

Vanquished Creatures
  An ogre (D:2)
  4 adders
  3 dart slugs
  An orc (D:3)
  6 bats
  11 endoplasms
  3 goblins
  7 hobgoblins
  5 jackals
  3 quokkas
  5 ball pythons
  4 frilled lizards
  4 kobolds
  7 rats
64 creatures vanquished.

Notes
Turn   | Place    | Note
-------+----------+-------------------------------------------
     0 | D:1      | NotreDorf the Mummy Hedge Wizard began the quest for the
                  | Orb.
     0 | D:1      | Reached XP level 1. HP: 13/13 MP: 5/5
   138 | D:1      | Reached skill level 1 in Conjurations
   336 | D:1      | Reached XP level 2. HP: 19/19 MP: 1/7
  1147 | D:1      | Gained mutation: You are in touch with the powers of death.
                  | [Mummy growth]
  1147 | D:1      | Reached XP level 3. HP: 16/24 MP: 0/9
  1278 | D:1      | Learned a level 2 spell: Blink
  1282 | D:1      | Learned a level 3 spell: Mephitic Cloud
  1845 | D:2      | Reached skill level 5 in Spellcasting
  2155 | D:2      | Noticed an ogre
  2455 | D:2      | Killed an ogre
  2456 | D:2      | Reached XP level 4. HP: 16/30 MP: 1/11
  2456 | D:2      | Reached XP level 5. HP: 19/35 MP: 1/13
  3073 | D:3      | Reached skill level 6 in Spellcasting
  3181 | D:3      | Found an ancient bone altar of Kikubaaqudgha.
  3190 | D:3      | Became a worshipper of Kikubaaqudgha
  3698 | D:3      | Noticed a moth of wrath
  3701 | D:3      | Found a bloodstained altar of Trog.
  3729 | D:3      | Mangled by a worm

Illustrated notes

Levels and vault maps discovered:
D:1:      dpeg_arrival_round_c, layout_basic, hangedman_decor_clover_reticule
D:2:      layout_basic, minmay_distorted
D:3:      minmay_door_path, layout_basic, tgw_trog, kiku_gazebo_pond_becter,
          minmay_bisected

Skill      XL: |  1  2  3  4  5 |
---------------+----------------+-----
Conjurations   | 1 2 3 |  3.1
Spellcasting   | 5 6 |  6.1
Dodging        | |  1.5
Stealth        | |  1.5
Summonings     | |  0.7
Translocations | |  0.7

Action                     |  1- 3 |  4- 6 || total
---------------------------+-------+-------++-------
  Melee: Dagger            |    48 |    13 ||    61
         Punch             |       |     1 ||     1
   Cast: Magic Dart        |   117 |    63 ||   180
         Mephitic Cloud    |     2 |       ||     2
   Stab: Confused          |     1 |       ||     1
 Armour: Robe              |    23 |     6 ||    29
  Dodge: Dodged            |    45 |    11 ||    56
